 Dungeon Crawl Stone Soup version 0.22.1-1-ga44c0e5 (webtiles) character file.

16 Folque the Firebug (level 2, -5/19 HPs)
             Began as a Demonspawn Fire Elementalist on Oct 26, 2018.
             Slain by a gnoll
             ... wielding a +0 flail
              (12 damage)
             ... on level 2 of the Dungeon.
             The game lasted 00:01:30 (771 turns).

Folque the Firebug (Demonspawn Fire Elementalist)    Turns: 771, Time: 00:01:31

Health: -5/19      AC:  2    Str:  8    XL:     2   Next: 37%
Magic:  4/5        EV: 12    Int: 16    God:
Gold:   20         SH:  0    Dex: 13    Spells: 4/5 levels left

rFire    . . .     SeeInvis .   h - +0 mace
rCold    + . .     Gourm    .   (no shield)
rNeg     . . .     Faith    .   a - +0 robe
rPois    .         Spirit   .   (no helmet)
rElec    .         Reflect  .   (no cloak)
rCorr    .         Harm     .   (no gloves)
MR       .....                  (no boots)
Stlth    ++........             (no amulet)
HPRegen  0.06/turn              (no ring)
MPRegen  0.09/turn              (no ring)

@: very slightly contaminated
A: cold resistance 1
a: no special abilities


You were on level 2 of the Dungeon.
You were not hungry.

You visited 1 branch of the dungeon, and saw 2 of its levels.

You collected 20 gold pieces.

Inventory:

Hand Weapons
 h - a +0 mace (weapon)
Armour
 a - a +0 robe (worn)
Jewellery
 b - a cursed ring of teleportation {unknown}
Scrolls
 d - a scroll of teleportation {unknown}
 e - 2 scrolls of remove curse {unknown}
Potions
 g - a potion of magic {unknown}
Comestibles
 c - 6 rations
 f - a chunk of flesh


   Skills:
 - Level 1.7 Dodging
 - Level 1.7 Stealth
 * Level 2.3 Spellcasting
 + Level 1.4 Conjurations
 + Level 3.0 Fire Magic


You had 4 spell levels left.
You knew the following spells:

 Your Spells              Type           Power        Failure   Level  Hunger
a - Flame Tongue          Conj/Fire      #....        9%          1    #......

Your spell library contained the following spells:

 Spells                   Type           Power        Failure   Level  Hunger
 Throw Flame              Conj/Fire      #.....       12%         2    ###....
 Conjure Flame            Conj/Fire      #.......     24%         3    ###....
 Inner Flame              Hex/Fire       #.......     32%         3    ###....
 Sticky Flame             Conj/Fire      #.......     63%         4    #####..
 Fireball                 Conj/Fire      #.........   92%         5    ######.


Dungeon Overview and Level Annotations

Branches:
Dungeon (2/15)

Altars:


Innate Abilities, Weirdness & Mutations

Your flesh is cold resistant. (rC+)


Message History

Casting: Flame Tongue (safe; 9% risk of failure)
Confirm with . or Enter, or press ? or * to list all spells.
Aiming: Flame Tongue (safe; 9% risk of failure)
Press: ? - help, Shift-Dir - straight line, f - gnoll
Aim: a gnoll, wielding a flail You miscast Flame Tongue.
You are very lightly contaminated with residual magic.
Nothing appears to happen.
The howler monkey howls!
You hear a shout!
The howler monkey hoots and howls with incredible vigour!
A gnoll comes into view. It is wielding a flail.
You hear a shout!
You hear a bark!
A gnoll comes into view. It is wielding a club.
The gnoll hits you with a flail! The leopard gecko bites you.
The gnoll moves out of view.
A gnoll comes into view.
There is a stone staircase leading up, spattered with blood here.
The gnoll hits you with a flail!
Ouch! That really hurt!
You die...

....... .......
. ....... ## .#
..$.... .###.###
.......#>.......
g.......#.......
.........%......
...g...@........
......gl........
...h..l.†.......
................
................
........#.......
..............##
........#.#####
......# .#


You could see a howler monkey, 3 gnolls and 2 leopard geckos.

Vanquished Creatures
  A dart slug (D:1)
  A leopard gecko (D:1)
  3 bats (D:1)
  A giant cockroach (D:1)
  A goblin (D:1)
  2 hobgoblins (D:1)
  A kobold (D:2)
  3 rats (D:1)
13 creatures vanquished.

Notes
Turn   | Place    | Note
-------+----------+-------------------------------------------
     0 | D:1      | Folque the Demonspawn Fire Elementalist began the quest for
                  | the Orb.
     0 | D:1      | Reached XP level 1. HP: 13/13 MP: 3/3
   389 | D:1      | Reached skill level 3 in Fire Magic
   389 | D:1      | Gained mutation: Your flesh is cold resistant. (rC+)
                  | [demonic ancestry]
   389 | D:1      | Reached XP level 2. HP: 19/19 MP: 3/5
   768 | D:2      | Noticed a howler monkey
   771 | D:2      | Slain by a gnoll

Skill      XL: |  1 |
---------------+----+-----
Fire Magic     | 3 |  3.0
Dodging        | |  1.7
Stealth        | |  1.7
Spellcasting   | |  2.3
Conjurations   | |  1.4

Action                   || total
-------------------------++-------
Melee: Unarmed           ||     7
       Mace              ||     7
 Cast: Flame Tongue      ||    13
 Stab: Distracted        ||     1
Armor: Robe              ||     4
Dodge: Dodged            ||    12
